 Dungeon Crawl Stone Soup version 0.29-a0-620-g13ace881f2 (webtiles) character file.

Game seed: 7286414891016186707

5054 wilfster70 the Thaumaturge (level 10, 0/72 HPs)
             Began as a Djinni Conjurer on June 18, 2022.
             Was a Follower of Makhleb.
             Hit by a large rock thrown by a cyclops (42 damage)
             ... on level 9 of the Dungeon.
             The game lasted 00:28:18 (13051 turns).

wilfster70 the Thaumaturge (Djinni Conjurer)       Turns: 13051, Time: 00:28:19

Health: 0/72       AC:  3    Str:  6    XL:     10   Next: 86%
Gold:   425        EV: 14    Int: 23    God:    Makhleb [*.....] SH:  0 Dex: 13

rFire   + . .      SeeInvis +   a - +7 dagger of a bailey {protect, rC+ SInv Stlth+}
rCold   + . .      Faith    .   (no shield)
rNeg    . . .      Spirit   .   s - +0 robe
rPois   ∞          Reflect  .   (no helmet)
rElec   .          Harm     .   (no cloak)
rCorr   .          Rampage  .   B - +0 pair of gloves
Will    +....                   (boots unavailable)
Stlth   ++++......              t - amulet of the acrobat
HPRegen 0.22/turn               n - ring of ice
MPRegen 0.00/turn               (no ring)

@: flying
A: sickness immunity, fire resistance 2, cold vulnerability 1, float, innate
caster, HP casting, extra vitality 1
a: Renounce Religion


You were on level 9 of the Dungeon.
You worshipped Makhleb.
Makhleb was aware of your devotion.
You visited 2 branches of the dungeon, and saw 10 of its levels.

You collected 425 gold pieces.

Inventory:

Hand Weapons
 a - the +7 dagger of a bailey (weapon) {protect, rC+ SInv Stlth+}
   (You found it on level 6 of the Dungeon)

   It grants its wielder temporary protection when it strikes (+7 to AC).
   rC:        It protects you from cold.
   SInv:      It lets you see invisible.
   Stlth:     It makes you more stealthy.
 b - a +0 hunting sling
Missiles
 e - 2 boomerangs of dispersal
 q - a throwing net
Armour
 s - a +0 robe (worn)
 B - a +0 pair of gloves (worn)
Jewellery
 n - a ring of ice (left hand)
 t - an amulet of the acrobat (around neck)
 C - a +6 ring of intelligence
Wands
 g - a wand of iceblast (5)
 v - a wand of digging (4)
 y - a wand of paralysis (10)
Scrolls
 h - 4 scrolls of teleportation
 k - 2 scrolls of blinking
 l - a scroll of immolation
 p - 3 scrolls of poison
 r - a scroll of identify
 w - a scroll of vulnerability {unknown}
 x - a scroll of enchant armour {unknown}
 z - a scroll of enchant weapon {unknown}
Potions
 c - 2 potions of ambrosia
 d - a potion of mutation
 f - 3 potions of invisibility
 i - 5 potions of curing
 j - a potion of berserk rage {unknown}
 m - a potion of heal wounds
 u - 2 potions of haste
 A - a potion of brilliance


   Skills:
 - Level 6.0 Fighting
 - Level 4.0 Slings
 - Level 5.3 Dodging
 - Level 4.3 Stealth
 + Level 9.5 Spellcasting


You had 4 spell levels left.
You knew the following spells:

 Your Spells              Type           Power      Damage    Failure   Level
a - Call Imp              Summ           53%        N/A       1%          2
b - Searing Ray           Conj           100%       2d8       1%          2
c - Dazzling Flash        Conj/Hex       100%       N/A       1%          3
d - Fulminant Prism       Conj/Hex       26%        3d14      1%          4
e - Iskenderun's Mystic   Conj/Tloc      53%        2d11      1%          4
f - Freeze                Ice            100%       1d11      1%          1
g - Magic Dart            Conj           100%       1d8       1%          1
h - Inner Flame           Hex/Fire       53%        N/A       1%          3
i - Sticky Flame          Conj/Fire      53%        2d7       1%          4
Your spell library was empty.

Dungeon Overview and Level Annotations

Branches:
Dungeon (9/15)             Temple (1/1) D:6
   Lair: D:8-11         Orc: D:9-12

Altars:
Ashenzari
Cheibriados
Dithmenos
Elyvilon
Fedhas
Gozag
Hepliaklqana
Kikubaaqudgha
Makhleb
Nemelex Xobeh
Okawaru
Qazlal
Ru
Sif Muna
Trog
Uskayaw
Vehumet
Wu Jian
Xom
Yredelemnul
Zin
The Shining One

Shops:
D:7 *

Annotations:
D:2 exclusion: downstairs
D:3 Grinder
D:8 exclusion: downstairs
D:9 Amaemon


Innate Abilities, Weirdness & Mutations

You are immune to sickness and miasma.
You are immune to poison.
Your flesh is very heat resistant. (rF++)
You are vulnerable to cold. (rC-)
You float through the air rather than walking.
You learn spells naturally, not from books.
Your magical power is your life essence.
You have superior vitality. (+4 MHP)


Message History

You hear a shout!
The goblin throws a boomerang.
The boomerang completely misses you.
Casting: Fulminant Prism (dangerous; 1% risk of failure)
Confirm with . or Enter, or press ? or * to list all spells.
Aiming: Fulminant Prism (dangerous; 1% risk of failure)
Press: ? - help, Dir - move target You conjure a prism of explosive energy!
A fulminant prism comes into view.
A kobold comes into view.
It is wielding a +0 short sword and quivering poisoned darts.
Your fulminant prism crackles loudly.
The cyclops throws a large rock.
The large rock closely misses you.
Your fulminant prism explodes!
The blast of energy engulfs the goblin!
You kill the goblin!
Makhleb accepts your kill.
The blast of energy engulfs the cyclops!
The cyclops is moderately wounded.
Casting: Fulminant Prism (dangerous; 1% risk of failure)
Confirm with . or Enter, or press ? or * to list all spells.
Aiming: Fulminant Prism (dangerous; 1% risk of failure)
Press: ? - help, Dir - move target You conjure a prism of explosive energy!
A fulminant prism comes into view.
The kobold throws a poisoned dart.
The poisoned dart hits your fulminant prism!
Your fulminant prism crackles loudly.
Your fulminant prism explodes!
The blast of energy engulfs the cyclops!!
The cyclops is almost dead.
Makhleb accepts your kill.
You feel a bit more experienced.
Casting: Fulminant Prism (dangerous; 1% risk of failure)
Confirm with . or Enter, or press ? or * to list all spells.
Aiming: Fulminant Prism (dangerous; 1% risk of failure)
Press: ? - help, Dir - move target You conjure a prism of explosive energy!
A fulminant prism comes into view.
The cyclops throws a large rock.
The large rock hits you!!!
Ouch! That really hurt!
You die...

#,,#..............#
#,,#...K.........>#
#,,#....).........#
*,,#...))C........#
*,,#...(....*.....#
*,,#.......†......#
*,,#......(<......#
*,,#..............#
*,,#............@.#
***########'#######
,,,,*,,*,,#..*,,,,*
,,,,*,,*,,+..#,,,,*
,,,,*,,*,,#..#,,,,*
,,,,*,,*+*####,,,,*
,,,,*+**,,+,,+,,,,*
,,,,,,,,,,*,,*,,,,*
,****,,****,,*,,,,*


You could see a cyclops (ally target) and a friendly fulminant prism.

Vanquished Creatures
  An orange demon (D:9)
  2 hornets
  6 yaks
  A steam dragon (D:9)
  A water moccasin (D:6)
  A black bear (D:7)
  2 ogres
  A sky beast (D:6)
  A centaur (D:5)
  3 ice beasts
  4 phantoms
  4 kobold brigands
  4 bullfrogs
  2 necrophages
  2 scorpions
  5 wights (D:8)
  6 howler monkeys
  4 crimson imps (D:3)
  A jelly (D:8)
  A gnoll shaman (D:6)
  3 orc priests
  2 hounds
  Terence (D:3)
  5 orc wizards
  4 iguanas
  4 gnolls
  9 adders
  2 worms (D:2)
  6 dart slugs
  15 orcs
  2 endoplasms (D:1)
  3 giant cockroaches
  13 goblins
  7 hobgoblins
  17 jackals
  30 kobolds
  9 quokkas
  10 ball pythons
  9 bats
  4 frilled lizards
  4 rats
211 creatures vanquished.

Vanquished Creatures (collateral kills)
  A water moccasin (D:3)
  An orc wizard (D:6)
  A gnoll (D:6)
  2 orcs (D:3)
  A jackal (D:5)
6 creatures vanquished.

Vanquished Creatures (others)
  35 fulminant prisms
35 creatures vanquished.

Grand Total: 252 creatures vanquished

Notes
Turn   | Place    | Note
-------+----------+-------------------------------------------
     0 | D:1      | wilfster70 the Djinni Conjurer began the quest for the Orb.
     0 | D:1      | wilfster70 set off with the following spells memorised:
                  | Magic Dart, Searing Ray, Dazzling Flash, Fulminant Prism,
                  | Iskenderun's Mystic Blast.
     0 | D:1      | Reached XP level 1. HP: 15/15 MP: 0/0
   272 | D:1      | Reached XP level 2. HP: 17/21 MP: 0/0
   658 | D:1      | Reached XP level 3. HP: 22/25 MP: 0/0
   658 | D:1      | Learned a level 1 spell: Freeze
  1992 | D:2      | Reached XP level 4. HP: 29/31 MP: 0/0
  2684 | D:3      | Reached skill level 4 in Spellcasting
  2699 | D:3      | Noticed Terence
  3060 | D:3      | Killed Terence
  3061 | D:3      | Reached XP level 5. HP: 8/35 MP: 0/0
  3061 | D:3      | Learned a level 2 spell: Call Imp
  3388 | D:3      | Noticed a water moccasin
  3389 | D:3      | Noticed Grinder
  3404 | D:3      | Killed a water moccasin
  3405 | D:3      | Reached XP level 6. HP: 24/40 MP: 0/0
  3590 | D:3      | HP: 1/40 [orc/+0 war axe (6)]
  4173 | D:3      | Found a shimmering altar of Xom.
  4201 | D:3      | Reached XP level 7. HP: 4/45 MP: 0/0
  4201 | D:3      | Learned a level 3 spell: Inner Flame
  4696 | D:3      | Reached skill level 5 in Spellcasting
  6155 | D:4      | Reached XP level 8. HP: 40/50 MP: 0/0
  6282 | D:4      | Reached skill level 5 in Dodging
  6365 | D:5      | Entered Level 5 of the Dungeon
  6918 | D:5      | Reached skill level 6 in Spellcasting
  7019 | D:5      | Reached skill level 1 in Slings
  7562 | D:5      | Found a broken altar of Ashenzari.
  7891 | D:6      | Found a staircase to the Ecumenical Temple.
  7902 | Temple   | Entered the Ecumenical Temple
  8222 | D:6      | Reached XP level 9. HP: 47/55 MP: 0/0
  8222 | D:6      | Learned a level 4 spell: Sticky Flame
  8316 | D:6      | Found a burning altar of Makhleb.
  8327 | D:6      | Became a worshipper of Makhleb the Destroyer
  8751 | D:6      | Found a hide-covered altar of Uskayaw.
  8751 | D:6      | Noticed a +0 dagger
  8752 | D:6      | Noticed a +0 spear
  8752 | D:6      | Noticed a +0 falchion
  8753 | D:6      | Noticed a +0 falchion
  8753 | D:6      | Noticed a +0 dagger
  8753 | D:6      | Noticed a +0 short sword
  8754 | D:6      | Noticed a +0 spear
  8755 | D:6      | Noticed a +0 short sword
  9245 | D:6      | Reached skill level 5 in Fighting
  9451 | D:6      | Identified the +7 dagger of a bailey {protect, rC+ SInv
                  | Stlth+}
  9694 | D:6      | Found a sacrificial altar of Ru.
 10162 | D:7      | Found Lshrit's Luxury Loot.
 10741 | D:8      | Noticed a hornet
 10749 | D:8      | Killed a hornet
 10836 | D:8      | Reached skill level 7 in Spellcasting
 10836 | D:8      | Reached XP level 10. HP: 68/72 MP: 0/0
 11791 | D:9      | Reached skill level 8 in Spellcasting
 11835 | D:9      | Found a flagged portal.
 12014 | D:8      | Reached * piety under Makhleb
 12388 | D:9      | Noticed a cyclops
 12778 | D:9      | Noticed an orange demon
 12792 | D:9      | Reached skill level 9 in Spellcasting
 12794 | D:9      | Killed an orange demon
 12806 | D:9      | Noticed Amaemon
 13051 | D:9      | Hit by a large rock thrown by a cyclops

Illustrated notes

Levels and vault maps discovered:
D:1:      ebering_trefoil_twist, layout_loops_corners, minmay_pentomino_r4
D:2:      layout_rooms
D:3:      layout_rooms, led_xom_imps, uniq_grinder, uniq_terence
D:4:      layout_loops_ring
D:5:      layout_cave_pools, mainiacjoe_overflow_boulevard
D:6:      layout_basic, nicolae_uskayaw_en_pointe, mainiacjoe_overflow_alcove_1,
          mainiacjoe_overflow_brackets, temple_pool_b, minmay_fountain_box
D:7:      layout_loops_ring, nicolae_alphabet_shops
D:8:      layout_rooms, bh_walls_and_bars
D:9:      layout_grid_maze, enter_bailey_5, hangedman_decor_lopped,
          minmay_door_square, kennysheep_boxes, uniq_amaemon, uniq_pikel,
          uniq_psyche
Temple:   minmay_temple_bridge_d

Skill      XL: |  1  2  3  4  5  6  7  8  9 10 |
---------------+-------------------------------+-----
Stealth        | 2 3 4 |  4.3
Dodging        | 3 4 5 |  5.3
Spellcasting   | 4 5 6 7 9 |  9.5
Slings         | 3 4 |  4.0
Fighting       | 6 |  6.0

Action                   |  1- 3 |  4- 6 |  7- 9 | 10-12 || total
-------------------------+-------+-------+-------+-------++-------
Melee: Dagger            |       |       |     4 |    10 ||    14
 Fire: Hunting sling     |    46 |    35 |    29 |       ||   110
 Cast: Magic Dart        |    11 |     4 |       |       ||    15
       Searing Ray       |    20 |    42 |   106 |     1 ||   169
       Call Imp          |       |     4 |     5 |     1 ||    10
       Sticky Flame      |       |       |    16 |    15 ||    31
       Fulminant Prism   |       |       |     5 |    31 ||    36
  Use: Scroll            |       |     7 |     2 |     6 ||    15
 Stab: Sleeping          |       |       |     2 |       ||     2
Armor: Robe              |     4 |     6 |    11 |     3 ||    24
Dodge: Dodged            |    20 |    26 |   167 |    53 ||   266

Table legend: (Time is in decaauts)
 A = Elapsed time spent in this place.
 B = Non-inter-level travel time spent in this place.
 C = Inter-level travel time spent in this place.
 D = Time resting spent in this place.
 E = Time spent auto-exploring this place.
 F = Levels seen in this place.
 G = Mean time per level.
                   A        B        C        D        E       F      G
               +--------+--------+--------+--------+--------+-----+--------+
         Total |  13116 |  12739 |    377 |   5639 |   4589 |  10 | 1311.6 |
       Dungeon |  13069 |  12712 |    357 |   5639 |   4589 |   9 | 1452.1 |
        Temple |     46 |     26 |     20 |      0 |      0 |   1 |   46.0 |
               +--------+--------+--------+--------+--------+-----+--------+

Top non-repeatable levels by time:
     D:3: 2111 daAuts
     D:1: 1961 daAuts
     D:8: 1951 daAuts
     D:5: 1762 daAuts
     D:6: 1639 daAuts
     D:2: 1211 daAuts
     D:4: 1130 daAuts
     D:7: 1082 daAuts
     D:9: 218 daAuts
  Temple: 46 daAuts
